 Dungeon Crawl Stone Soup version 0.29-a0-341-g24ffce5b50 (webtiles) character file.

Game seed: 2617764569240327181

7340 HendSelp the Quickloader (level 11, -15/93 HPs)
             Began as a Barachi Hunter on Apr 20, 2022.
             Was an Initiate of Ashenzari.
             Engulfed by a cloud of flame (18 damage)
             ... on level 8 of the Dungeon.
             The game lasted 00:14:33 (8485 turns).

HendSelp the Quickloader (Barachi Hunter)           Turns: 8485, Time: 00:14:33

Health: -15/93     AC:  8    Str: 13    XL:     11   Next: 13%
Magic:  0/11       EV: 18    Int: 10    God:    Ashenzari [......]
Gold:   759        SH:  0    Dex: 19    Spells: 10/10 levels left

rFire   . . .      SeeInvis .   a - +2 hand crossbow (freeze)
rCold   + . .      Faith    .   (no shield)
rNeg    . . .      Spirit   +   E - +0 troll leather armour
rPois   .          Reflect  .   (no helmet)
rElec   .          Harm     +   f - scarf {harm}
rCorr   .          Rampage  .   i - +2 pair of gloves
Will    .....                   (no boots)
Stlth   ++........              g - amulet of guardian spirit
HPRegen 1.05/turn               m - ring of protection from cold
MPRegen 0.12/turn               b - +4 ring of evasion

@: slow
A: amphibious, slowness 1, strong legs 1, +LOS
a: Hop, Renounce Religion, Curse Item


You were on level 8 of the Dungeon.
You worshipped Ashenzari.
Ashenzari was noncommittal.
You visited 2 branches of the dungeon, and saw 9 of its levels.
You also visited: Sewer and Ossuary.

You collected 759 gold pieces.

Inventory:

Hand Weapons
 a - a +2 hand crossbow of freezing (weapon)
Missiles
 o - a throwing net
Armour
 f - a scarf of harm (worn)
 i - a +2 pair of gloves (worn)
 k - the +4 ring mail "Lojez" {Str+5 Stlth-}
   (You found it on level 3 of the Dungeon)

   Str:       It affects your strength (+5).
   Stlth:     It makes you less stealthy.
 D - the +2 chain mail of Parlour Games {Rampage}
   (You found it on level 7 of the Dungeon)

   Rampage:   It bestows one free step when moving towards enemies.
 E - a +0 troll leather armour (worn)
Jewellery
 b - a +4 ring of evasion (right hand)
 g - an amulet of guardian spirit (around neck)
 m - a ring of protection from cold (left hand)
 p - a ring of positive energy
 s - a +6 ring of intelligence
Wands
 x - a wand of flame (36)
 y - a wand of polymorph (5)
 A - a wand of iceblast (6)
Scrolls
 j - a scroll of amnesia
 t - 8 scrolls of fog
 v - 4 scrolls of enchant armour
 B - a scroll of brand weapon
 F - 2 scrolls of immolation
 G - 2 scrolls of identify
Potions
 c - a potion of flight {unknown}
 l - 3 potions of curing {unknown}
 n - 3 potions of might {unknown}
 q - 4 potions of invisibility {unknown}
 r - 4 potions of cancellation {unknown}
 u - a potion of attraction {unknown}
 w - a potion of magic {unknown}
 z - a potion of berserk rage {unknown}
 C - a potion of mutation {unknown}


   Skills:
 * Level 11.2 Fighting
 * Level 12.4 Crossbows
 * Level 8.1 Armour
 + Level 4.7 Dodging
 - Level 0.8 Stealth


You had 10 spell levels left.
You didn't know any spells.
Your spell library contained the following spells:

 Spells                   Type           Power      Damage    Failure   Level
 Animate Skeleton         Necr           0%         N/A       43%         1
 Apportation              Tloc           0%         N/A       43%         1
 Slow                     Hex            0%         N/A       43%         1
 Summon Small Mammal      Summ           0%         N/A       43%         1
 Blink                    Tloc           0%         N/A       56%         2
 Call Canine Familiar     Summ           0%         N/A       80%         3
 Confusing Touch          Hex            0%         N/A       80%         3
 Lesser Beckoning         Tloc           0%         N/A       80%         3
 Summon Guardian Golem    Hex/Summ       0%         N/A       80%         3
 Vampiric Draining        Necr           0%         2d6       80%         3
 Summon Lightning Spire   Summ/Air       0%         N/A       99%         4
 Fireball                 Conj/Fire      0%         3d3       100%        5
 Manifold Assault         Tloc           0%         N/A       100%        5
 Starburst                Conj/Fire      0%         6d3       100%        6
 Disjunction              Tloc           0%         N/A       100%        8
 Ignition                 Fire           0%         3d3       100%        8


Dungeon Overview and Level Annotations

Branches:
Dungeon (8/15)             Temple (1/1) D:6           Sewer (visited)
Ossuary (visited)
   Lair: D:8-11

Altars:
Ashenzari
Cheibriados
Dithmenos
Elyvilon
Fedhas
Gozag
Hepliaklqana
Kikubaaqudgha
Makhleb
Nemelex Xobeh
Okawaru
Qazlal
Ru
Sif Muna
Trog
Uskayaw
Vehumet
Wu Jian
Xom
Yredelemnul
Zin
The Shining One


Innate Abilities, Weirdness & Mutations

You are amphibious.
You cover ground slowly.
You can hop short distances.
You have an extended range of vision and can be seen from far away.


Message History

Aim: a death yak (inner flame, 85% to hit)
You shoot a bolt.
The bolt hits the death yak but does no damage.
Unknown command.
You feel much better.
The death yak is engulfed in blazing flames.
Flame seeps out of the death yak.
Shoot: a) +2 hand crossbow (freeze)
Press: ? - help, Q - select action, (/) - cycle Shift-Dir - straight line, f/p - death yak
Aim: a death yak (moderately wounded, inner flame, 85% to hit)
You shoot a bolt. The bolt hits the death yak.
Flame seeps out of the death yak.
The bolt freezes the death yak.
Flame seeps out of the death yak.
The death yak is moderately wounded.
The death yak is engulfed in blazing flames.
Flame seeps out of the death yak.
The death yak completely misses you.
Unknown command.
Unknown command.
Unknown command.
Unknown command.
You are confused.
You feel invigorated.
You are ready to hop once more.
The death yak is engulfed in blazing flames.
Flame seeps out of the death yak.
The death yak gores you!!
Unknown command.
The death yak is engulfed in blazing flames.
Flame seeps out of the death yak.
You feel less invigorated.
You feel less confused. The death yak barely misses you.
Shoot: a) +2 hand crossbow (freeze)
Press: ? - help, Q - select action, (/) - cycle Shift-Dir - straight line, f/p - death yak
Aim: a death yak (almost dead, inner flame, 85% to hit)
You shoot a bolt. The bolt hits the death yak!
The bolt freezes the death yak.
The death yak explodes!
The fiery explosion engulfs you!!!
* * * LOW HITPOINT WARNING * * *
You are engulfed in blazing flames.
You die...

#.....#...#
##'###....#############
#........#...........#
#<.......#.#########.#
##.....(.'..#......#.####
#..>....#..#.####.#.##.#
######.......#..#......#.##.#
.....##.........#>.......##.#
#.##.##..######@#.#########.#
#.##.##..#...§.§............#
##.##.......#.§##.############
#.....#####.....#.##
#.#####...#####.#..#
#.'.)..._.....'.##.#
#.#####...#####.##.#
...Y..#####Y....##.#
..Y.Y.......##.###.#


There were no monsters in sight!

Vanquished Creatures
  A boulder beetle (D:7)
  4 death yaks (D:8)
  Pikel (D:5)
  An unseen horror (D:7)
  A hornet (D:8)
  3 trolls
  Prince Ribbit (D:8)
  Sigmund (D:2)
  A shadow (D:7)
  A fire bat (D:4)
  A wyvern (D:8)
  An orc warrior (D:8)
  2 ice beasts
  A sky beast (D:5)
  2 black bears
  2 ogres
  A kobold brigand (D:7)
  2 bullfrogs (D:7)
  A gnoll sergeant (D:7)
  A necrophage (D:6)
  4 scorpions
  4 wights (D:7)
  A howler monkey (D:6)
  A gnoll shaman (D:6)
  5 jellies
  4 hounds
  An orc priest (D:8)
  2 iguanas
  7 orc wizards
  Terence (D:2)
  8 mummies (Ossuary)
  21 gnolls
  6 adders
  2 river rats (Sewer)
  A shadow imp (D:8)
  3 white imps
  3 worms
  3 dart slugs
  33 orcs
  8 ball pythons
  12 endoplasms
  5 giant cockroaches
  15 goblins
  8 hobgoblins
  3 jackals (D:1)
  11 kobolds
  5 quokkas
  4 bats
  5 frilled lizards
  2 gnoll zombies (Ossuary)
  3 hobgoblin zombies (Ossuary)
  A kobold zombie (Ossuary)
  2 orc zombies (Ossuary)
  11 rats
234 creatures vanquished.

Notes
Turn   | Place    | Note
-------+----------+-------------------------------------------
     0 | D:1      | HendSelp the Barachi Hunter began the quest for the Orb.
     0 | D:1      | Reached XP level 1. HP: 17/17 MP: 1/1
    49 | D:1      | Reached XP level 2. HP: 20/23 MP: 2/2
   166 | D:1      | Found a faded altar of an unknown god.
   297 | D:1      | Reached XP level 3. HP: 26/28 MP: 3/3
   458 | D:1      | Reached skill level 5 in Crossbows
   648 | D:2      | Noticed Terence
   650 | D:2      | Killed Terence
   651 | D:2      | Reached XP level 4. HP: 34/34 MP: 4/4
   888 | D:2      | Got the Disquisition on the Creative Traveller
   943 | D:2      | Noticed Sigmund
   956 | D:2      | Killed Sigmund
   957 | D:2      | Reached skill level 6 in Crossbows
   957 | D:2      | Reached skill level 1 in Armour
   957 | D:2      | Reached XP level 5. HP: 36/41 MP: 5/5
   957 | D:2      | Reached XP level 6. HP: 42/47 MP: 6/6
  1437 | D:3      | Identified the +4 ring mail "Lojez" {Str+5 Stlth-}
  1697 | D:3      | Noticed an ice beast
  1706 | D:3      | Identified the +9 plate armour of Vylete Lein {rN+ rCorr
                  | Str-4}
  2151 | D:3      | Reached skill level 7 in Crossbows
  2174 | D:3      | Killed an ice beast
  2175 | D:3      | Reached XP level 7. HP: 53/53 MP: 7/7
  2644 | D:4      | Found a sand-covered staircase.
  2653 | Ossuary  | Entered an ossuary
  3001 | D:4      | Reached skill level 8 in Crossbows
  3498 | D:4      | Found a transporter.
  3503 | D:4      | Noticed a fire bat
  3588 | D:4      | Found a transporter.
  3880 | D:4      | Killed a fire bat
  3881 | D:4      | Reached skill level 5 in Fighting
  3881 | D:4      | Reached XP level 8. HP: 62/62 MP: 8/8
  3931 | D:5      | Entered Level 5 of the Dungeon
  3937 | D:5      | Identified the +2 robe of Nejaklus {rN+ Int+6}
  4088 | D:5      | Reached skill level 9 in Crossbows
  4437 | D:6      | Found a staircase to the Ecumenical Temple.
  4453 | D:6      | Noticed Pikel
  4458 | Temple   | Entered the Ecumenical Temple
  4645 | Temple   | Became a worshipper of Ashenzari the Shackled
  4730 | D:6      | Found a glowing drain.
  4741 | Sewer    | Entered a sewer
  4914 | Sewer    | Found a viscous altar of Jiyva.
  4941 | Sewer    | Reached skill level 10 in Crossbows
  4941 | Sewer    | Reached XP level 9. HP: 70/70 MP: 9/9
  5329 | D:5      | Killed Pikel
  5330 | D:5      | Reached skill level 11 in Crossbows
  5487 | D:6      | Found a sacrificial altar of Ru.
  5726 | D:7      | Found a hide-covered altar of Uskayaw.
  5930 | D:7      | Found an opulent altar of Gozag.
  5975 | D:7      | Found a burning altar of Makhleb.
  6085 | D:7      | Noticed a troll
  6085 | D:7      | Noticed a boulder beetle
  6089 | D:7      | Noticed a troll
  6425 | D:7      | Killed an unseen horror
  6426 | D:7      | Reached skill level 5 in Armour
  6437 | D:7      | Killed a troll
  6442 | D:7      | Reached XP level 10. HP: 34/82 MP: 4/10
  7045 | D:7      | Killed a boulder beetle
  7412 | D:7      | Identified the +2 chain mail of Parlour Games {Rampage}
  7763 | D:8      | Noticed Prince Ribbit
  7769 | D:8      | Killed Prince Ribbit
  7907 | D:8      | Paralysed by a hornet for 1 turns
  8171 | D:8      | Reached skill level 10 in Fighting
  8273 | D:8      | Found a stormy altar of Qazlal.
  8298 | D:8      | Noticed a death yak
  8453 | D:8      | Noticed a death yak
  8457 | D:8      | Noticed a death yak
  8457 | D:8      | Noticed a death yak
  8459 | D:8      | Noticed a death yak
  8461 | D:8      | Noticed a death yak
  8467 | D:8      | Killed a death yak
  8467 | D:8      | Killed a death yak
  8468 | D:8      | Reached skill level 12 in Crossbows
  8468 | D:8      | Reached XP level 11. HP: 64/92 MP: 6/11
  8474 | D:8      | Killed a death yak
  8485 | D:8      | Killed a death yak
  8485 | D:8      | HP: 3/93 [spore (45)]
  8485 | D:8      | Engulfed by a cloud of flame

Illustrated notes

Levels and vault maps discovered:
D:1:      heliophobic_arrival_ceremonial_halls, layout_basic,
          ebering_ecumenical_altar_sacrificial
D:2:      layout_basic, serial_glass, glass_columns_b, glass_columns_a,
          uniq_terence, uniq_sigmund
D:3:      layout_loops_ring
D:4:      gammafunk_cloud_chamber, layout_loops_ring,
          lightli_ossuary_entry_decrepit_ruins, minmay_checkerbox
D:5:      layout_rooms, item_on_display_a
D:6:      layout_cave_pools, nicolae_overflow_crystal_walls, temple_pool_b,
          cheibrodos_sewer_entry_drain, uniq_pikel
D:7:      minmay_blocky_corners, layout_layer_cave,
          nicolae_uskayaw_murder_on_the_dancefloor, kennysheep_mini_moat,
          grunt_gozag_breadcrumbs
D:8:      layout_basic, mainiacjoe_overflow_surrounded_room, dpeg_lair_monsters,
          lightli_orcish_oven, uniq_prince_ribbit1
Temple:   bh_familiar_temple

Skill      XL: |  1  2  3  4  5  6  7  8  9 10 11 |
---------------+----------------------------------+-----
Crossbows      | 5 6 7 8 10 11 12 | 12.4
Fighting       | 3 5 6 8 10 11 | 11.2
Armour         | 1 2 3 4 5 8 |  8.1
Dodging        | 3 4 |  4.7
Stealth        | |  0.8

Action                   |  1- 3 |  4- 6 |  7- 9 | 10-12 || total
-------------------------+-------+-------+-------+-------++-------
Melee: Unarmed           |       |       |    10 |       ||    10
 Fire: Hand crossbow     |    84 |   123 |   407 |   175 ||   789
Throw: Throwing net      |       |     2 |       |       ||     2
 Abil: Hop               |       |     1 |     5 |     2 ||     8
  Use: Scroll            |     6 |     4 |    10 |     3 ||    23
       Potion            |       |       |     2 |     7 ||     9
Armor: Leather armour    |     3 |    18 |       |       ||    21
       Ring mail         |       |    10 |    77 |     9 ||    96
       Skin              |       |       |    14 |       ||    14
       Troll leather arm |       |       |       |    10 ||    10
Dodge: Dodged            |    13 |    56 |   147 |    79 ||   295

Table legend: (Time is in decaauts)
 A = Elapsed time spent in this place.
 B = Non-inter-level travel time spent in this place.
 C = Inter-level travel time spent in this place.
 D = Time resting spent in this place.
 E = Time spent auto-exploring this place.
 F = Levels seen in this place.
 G = Mean time per level.
                   A        B        C        D        E       F      G
               +--------+--------+--------+--------+--------+-----+--------+
         Total |   9643 |   9131 |    512 |     68 |   7459 |  11 |  876.6 |
       Dungeon |   8778 |   8309 |    469 |     68 |   6880 |   8 | 1097.2 |
        Temple |    290 |    247 |     43 |      0 |    239 |   1 |  290.0 |
         Sewer |    284 |    284 |      0 |      0 |    171 |   1 |  284.0 |
       Ossuary |    289 |    289 |      0 |      0 |    168 |   1 |  289.0 |
               +--------+--------+--------+--------+--------+-----+--------+

Top non-repeatable levels by time:
     D:7: 2402 daAuts
     D:3: 1426 daAuts
     D:4: 1177 daAuts
     D:2: 880 daAuts
     D:8: 862 daAuts
     D:1: 735 daAuts
     D:6: 661 daAuts
     D:5: 631 daAuts
  Temple: 290 daAuts
 Ossuary: 289 daAuts
   Sewer: 284 daAuts
